 Dungeon Crawl Stone Soup version 0.30-a0-242-g7bf8e6d787 (webtiles) character file.

Game seed: 10729838592144095682

258121 Snarg the Ruinous (level 19, -2/107 HPs)
             Began as a Tengu Reaver on Oct 6, 2022.
             Was an Initiate of Gozag.
             Killed from afar by a shock serpent (22 damage)
             ... with a bolt of electricity
             ... in a wizard's laboratory on Oct 11, 2022.
             The game lasted 08:23:57 (57356 turns).

Snarg the Ruinous (Tengu Reaver)                   Turns: 57356, Time: 08:24:04

Health: -2/107     AC: 18    Str: 12    XL:     19   Next: 86%
Magic:  34/36      EV: 35    Int: 24    God:    Gozag
Gold:   6024       SH: 10    Dex: 34    Spells: 4/42 levels left

rFire   + + +      SeeInvis +    a - +11 quick blade of Wiesu {elec, rN+++ Str+2 Int-2}
rCold   + + +      Faith    .    i - +2 buckler {reflect}
rNeg    + + +      Spirit   .    K - +3 leather armour of the Original Sin {Str+2 Dex+8}
rPois   +          Reflect  +    d - +5 hat of the Furrier {rF++ Int+4 Slay-5 SInv}
rElec   .          Harm     .    s - +2 cloak
rCorr   +          Rampage  .    E - +2 pair of gloves of Feasting {rPois rC++ rCorr Str-5}
Will    +....                    (boots unavailable)
Stlth   ++++++....               R - amulet of Cuacegun {RegenMP rF+ rC+ Dex+2}
HPRegen 0.37/turn                M - +6 ring of dexterity
MPRegen 0.65/turn                p - +6 ring of intelligence

@: flying quickly and evasively, quick
A: beak, talons 3, nimble flight
}: 2/15 runes: decaying, serpentine
a: Renounce Religion, Potion Petition, Call Merchant, Bribe Branch


You were in a wizard's laboratory.
You worshipped Gozag.
Gozag was greatly pleased with you.
You visited 7 branches of the dungeon, and saw 32 of its levels.
You visited the Abyss 1 time.
You also visited: Ice Cave, Volcano and Wizlab.

You collected 14268 gold pieces.
You spent 3438 gold pieces at shops.
You paid 4806 gold pieces to Gozag.

Inventory:

Hand Weapons
 a - the +11 quick blade of Wiesu (weapon) {elec, rN+++ Str+2 Int-2}
   (You acquired it on level 1 of the Lair of Beasts)

   It occasionally discharges a powerful burst of electricity upon striking a
   foe.
   Str:       It affects your strength (+2).
   Int:       It affects your intelligence (-2).
   rN:        It renders you almost immune to negative energy.
 c - the +8 dagger of Sidet {vorpal, rC+}
   (You found it on level 12 of the Dungeon)

   It inflicts extra damage upon your enemies.
   rC:        It protects you from cold.
Missiles
 k - 2 boomerangs of dispersal
 m - 7 boomerangs (quivered)
 x - 6 javelins
 B - 5 throwing nets
 X - 8 atropa-tipped darts
 Z - 7 curare-tipped darts
Armour
 d - the +5 hat of the Furrier (worn) {rF++ Int+4 Slay-5 SInv}
   (You acquired it on level 2 of the Orcish Mines)

   Int:       It affects your intelligence (+4).
   Slay:      It affects your accuracy & damage with ranged weapons and melee
   (-5).
   rF:        It greatly protects you from fire.
   SInv:      It lets you see invisible.
 i - a +2 buckler of reflection (worn)
 s - a +2 cloak (worn)
 u - the +3 salamander hide armour {Flames rF++ rC--}
   (You bought it in a shop on level 2 of the Lair of Beasts)

   It surrounds you with a cloud of flames.
   It grants immunity to clouds of flame.
   It enhances your fire magic.
   rF:        It greatly protects you from fire.
   rC:        It makes you very vulnerable to cold.
 E - the +2 pair of gloves of Feasting (worn) {rPois rC++ rCorr Str-5}
   (You found it in an ice cave)

   Str:       It affects your strength (-5).
   rC:        It greatly protects you from cold.
   rPois:     It protects you from poison.
   rCorr:     It protects you from acid and corrosion.
 K - the +3 leather armour of the Original Sin (worn) {Str+2 Dex+8}
   (You found it on level 7 of the Dungeon)

   Str:       It affects your strength (+2).
   Dex:       It affects your dexterity (+8).
Magical Staves
 b - a staff of air
Jewellery
 p - a +6 ring of intelligence (right hand)
 v - a ring of poison resistance
 A - a ring of protection from fire
 H - the ring "Eskikhef" {rElec EV+4}
   (You found it on level 5 of the Lair of Beasts)

   [ring of evasion]

   EV:        It affects your evasion (+4).
   rElec:     It insulates you from electricity.
 M - a +6 ring of dexterity (left hand)
 P - a ring of ice
 R - the amulet of Cuacegun (around neck) {RegenMP rF+ rC+ Dex+2}
   (You bought it in a shop on level 1 of the Swamp)

   [amulet of magic regeneration]

   It increases your rate of magic regeneration.
   Dex:       It affects your dexterity (+2).
   rF:        It protects you from fire.
   rC:        It protects you from cold.
Wands
 l - a wand of roots (14)
 r - a wand of paralysis (20)
 w - a wand of digging (4)
 C - a wand of flame (24)
 S - a wand of polymorph (11)
 W - a wand of mindburst (3)
Scrolls
 o - 4 scrolls of vulnerability
 t - 10 scrolls of poison
 D - 10 scrolls of teleportation
 F - 4 scrolls of fear
 L - 7 scrolls of butterflies
 N - 3 scrolls of blinking
 O - 3 scrolls of silence
Potions
 e - 6 potions of resistance
 f - 8 potions of curing
 g - 5 potions of might
 h - 7 potions of haste
 j - 3 potions of ambrosia
 n - 3 potions of cancellation
 z - 6 potions of brilliance
 U - 3 potions of magic
 Y - 6 potions of heal wounds
Miscellaneous
 T - a phial of floods (inert)


   Skills:
 - Level 8.0 Fighting
 + Level 10.9 Short Blades
 + Level 0.7 Staves
 - Level 3.0 Throwing
 - Level 6.0 Armour
 + Level 14.9 Dodging
 - Level 12.0 Stealth
 + Level 6.4 Shields
 - Level 12.0 Spellcasting
 - Level 22.0 Conjurations
 - Level 2.0 Hexes
 - Level 2.0 Necromancy
 + Level 2.0 Translocations
 - Level 4.0 Fire Magic
 - Level 6.0 Ice Magic
 + Level 17.2 Air Magic
 - Level 2.0 Earth Magic
 - Level 4.0 Poison Magic
 * Level 7.3 Evocations


You had 4 spell levels left.
You knew the following spells:

 Your Spells              Type           Power      Damage    Failure   Level
a - Arcjolt               Conj/Air       41%        1d51      1%          5
b - Lightning Bolt        Conj/Air       41%        1d60      1%          5
c - Hailstorm             Conj/Ice       69%        3d14      1%          3
d - Mephitic Cloud        Conj/Pois/Air  70%        N/A       1%          3
e - Sticky Flame          Conj/Fire      67%        2d8       1%          4
f - Swiftness             Air            77%        N/A       1%          3
g - Stone Arrow           Conj/Erth      100%       3d13      1%          3
h - Dazzling Flash        Conj/Hex       100%       N/A       1%          3
i - Airstrike             Air            38%        2d(6-22)  1%          4
j - Freezing Cloud        Conj/Ice/Air   36%        6-21      1%          5

Your spell library contained the following spells:

 Spells                   Type           Power      Damage    Failure   Level
 Static Discharge         Conj/Air       100%       2-7/arc   0%          2
 Foxfire                  Conj/Fire      100%       2x1d9     1%          1
 Freeze                   Ice            100%       1d10      1%          1
 Kiss of Death            Conj/Necr      100%       2d13      1%          1
 Cigotuvi's Dreadful Rot  Necr/Pois/Air  100%       N/A       1%          2
 Ensorcelled Hibernation  Hex/Ice        66%        N/A       1%          2
 Momentum Strike          Conj/Tloc      100%       3d10      1%          2
 Poisonous Vapours        Pois/Air       100%       N/A       1%          2
 Frozen Ramparts          Ice            86%        1d13      1%          3
 Kindle Blastsparks       Fire/Tloc/Air  100%       2d18      1%          3
 Summon Lightning Spire   Summ/Air       53%        N/A       1%          4
 Sandblast                Erth           48%        2d12      3%          1
 Beastly Appendage        Tmut           28%        N/A       7%          1
 Passwall                 Tmut/Erth      15%        N/A       7%          2
 Ignite Poison            Fire/Tmut/Pois 27%        N/A       7%          3
 Gell's Gravitas          Tloc           24%        N/A       9%          3
 Portal Projectile        Hex/Tloc       48%        N/A       9%          3
 Spider Form              Tmut/Pois      24%        N/A       9%          3
 Teleport Other           Tloc           24%        N/A       9%          3
 Wereblood                Tmut           14%        N/A       11%         2
 Call Canine Familiar     Summ           14%        N/A       21%         3
 Ice Form                 Ice/Tmut       28%        N/A       21%         4
 Anguish                  Hex/Necr       12%        N/A       30%         4
 Leda's Liquefaction      Hex/Erth       12%        N/A       30%         4
 Animate Armour           Summ/Erth      38%        N/A       41%         4
 Fireball                 Conj/Fire      33%        3d14      1%          5
 Conjure Ball Lightning   Conj/Air       41%        3x3d13    1%          6
 Silence                  Hex/Air        28%        N/A       3%          5
 Starburst                Conj/Fire      33%        6d10      4%          6
 Iron Shot                Conj/Erth      32%        9d7       8%          6
 Agony                    Necr           24%        N/A       63%         5
 Lehudib's Crystal Spear  Conj/Erth      32%        10d8      97%         8
 Dispersal                Tloc           12%        N/A       99%         6
 Enfeeble                 Hex            12%        N/A       100%        7
 Ignition                 Fire           16%        3d7       100%        8
 Polar Vortex             Ice            21%        N/A       100%        9
 Simulacrum               Ice/Necr       Unusable   N/A       N/A         6

Dungeon Overview and Level Annotations

Branches:
Dungeon (15/15)            Temple (1/1) D:5            Lair (5/5) D:9
  Swamp (4/4) Lair:2        Snake (4/4) Lair:3        Slime (0/5) Lair:5
    Orc (2/2) D:10            Elf (0/3) Orc:2        Vaults (1/5) D:13
 Depths (0/4) D:15          IceCv (visited)         Volcano (visited)
 WizLab (1/1)

Altars:
Ashenzari
Cheibriados
Dithmenos
Elyvilon
Fedhas
Gozag
Hepliaklqana
Kikubaaqudgha
Makhleb
Nemelex Xobeh
Okawaru
Qazlal
Ru
Sif Muna
Trog
Uskayaw
Vehumet
Wu Jian
Xom
Yredelemnul
Zin
The Shining One

Shops:
D:7 ?   D:12 =   D:14 (   D:15 [[   Orc:1 [   Orc:2 =[[*   Lair:2 [[
Swamp:1 *

Annotations:
D:1 clr
D:2 clr
D:3 clr
D:4 clr
D:5 clr
D:6 clr
D:7 clr
D:8 clr
D:9 clr
D:10 clr
D:11 2 runed translucent doors, exclusion: player ghost, timneilson's ghost, journeyman GrFi
D:12 clr
D:13 1 runed translucent door, exclusion: player ghost, jejorda2's ghost, journeyman GnBe
D:14 clr
D:15 clr
Lair:1 clr
Lair:2 clr
Lair:3 clr
Lair:4 clr
Lair:5 clrclr
Swamp:1 clr
Swamp:2 clr
Swamp:3 clr, Bai Suzhen
Swamp:4 clr
Snake:1 Roxanne; Rupert
Snake:2 clr
Snake:3 clr
Snake:4 clr
Orc:1 clr
Orc:2 clr


Innate Abilities, Weirdness & Mutations

You have a beak for a mouth.
You have claws for feet.
Your magical nature lets you fly swiftly and evasively.


Message History

Confirm with . or Enter, or press ? or * to list all spells.
Casting: Hailstorm (safe; 1% risk of failure)
Press: ? - help, Dir - look around, f - activate A cannonade of hail descends around you!
The hail misses the spriggan air mage.
Unknown command.
You start resting.
A shock serpent comes into view.
Casting: Hailstorm (safe; 1% risk of failure)
Confirm with . or Enter, or press ? or * to list all spells.
Aiming: Freezing Cloud (mildly dangerous; 1% risk of failure)
Press: ? - help, Dir - move target
Okay, then.
Unknown command.
Unknown command.
You reach down and close the door, pushing everything out of the way.
You start resting.
Something unseen opens the door.
Unknown command.
Casting: Freezing Cloud (mildly dangerous; 1% risk of failure)
Confirm with . or Enter, or press ? or * to list all spells.
Casting: Hailstorm (safe; 1% risk of failure)
Press: ? - help, Dir - look around, f - activate A cannonade of hail descends around you!
The hail pelts the spriggan air mage!!
The spriggan air mage is almost dead.
The hail pelts the shock serpent!
The shock serpent is moderately wounded.
The shock serpent hisses angrily.
The shock serpent's electric aura discharges, shocking you!
The shock serpent shoots out a bolt of lightning at you!
The bolt of electricity hits you!!
Unknown command.
Unknown command.
The spriggan air mage waves its arms in wide circles.
The air twists around and strikes you!
* * * LOW HITPOINT WARNING * * *
The shock serpent shoots out a bolt of lightning at you!
The bolt of electricity hits you!!
You die...
Your body crumbles into a pile of gold.

≈≈≈≈##.§§§##≈≈≈
≈≈≈##.§§§§§##≈≈
####§.§§§.§.##≈
..§i...§§....#≈
##..§..i.....##
#E.....$S§§...#
##'## ##.$.##
##..@..##
#.......#
+.∩.∩.∩.+
#.......#
##.....##
##...## ##+##


You could see a shock serpent and a spriggan air mage (repels missiles).

Vanquished Creatures
  An ancient lich (D:13)
  Mara (Swamp:4)
  Vashnia (Snake:4)
  A shard shrike (IceCv)
  A tentacled monstrosity (Swamp:4)
  Mlioglotl (Swamp:4)
  A thorn hunter (Swamp:4)
  4 nagarajas
  Aizul (Snake:1)
  3 very ugly things (Vaults:1)
  The ghost of SirDiesAlot the Severer, a journeyman MiGl of Uskayaw (Lair:5)
  A starflower (Abyss:2)
  A deep elf demonologist (Abyss:2)
  4 bunyips
  2 eleionomae
  A white draconian (IceCv)
  Snorg (D:10)
  A fire dragon (Volcano)
  A shambling mangrove (Swamp:3)
  Fannar (D:11)
  24 hydras
  3 ogre magi
  3 salamander tyrants (Snake:4)
  Harold (Orc:1)
  A spriggan air mage (Swamp:1)
  13 anacondas
  3 ironbound frosthearts (IceCv)
  A merfolk avatar (Lair:5)
  3 ghost crabs
  6 centaur warriors
  4 alligators
  16 two-headed ogres
  2 boulder beetles
  5 tengu warriors
  A dancing weapon (Lair:5)
  17 naga sharpshooters
  12 naga warriors
  Urug (D:9)
  11 shock serpents
  Sonja (Lair:2)
  Amaemon (Lair:2)
  2 deep trolls (Orc:2)
  8 salamander mystics
  2 sea snakes (Lair:4)
  5 skeletal warriors (D:15)
  5 goliath frogs
  11 swamp dragons
  2 ironbound convokers (Vaults:1)
  A tengu zombie (Vaults:1)
  6 naga ritualists
  6 bog bodies
  5 spriggan druids
  2 wizards
  An orange crystal statue (IceCv)
  3 lindwurms (Snake:4)
  2 orc knights (D:15)
  4 deep elf pyromancers
  A harpy (Lair:5)
  2 necromancers
  A deep elf zephyrmancer (D:15)
  22 salamanders
  10 manticores
  An orc sorcerer (D:15)
  25 ugly things
  15 mana vipers
  4 oklob plants (Lair:2)
  3 will-o-the-wisps
  A salamander (shapeshifter) (D:13)
  5 cyclopes
  38 black mambas
  A faun (shapeshifter) (D:13)
  A vault sentinel (Vaults:1)
  11 guardian serpents
  8 elephants
  14 naga magi
  3 centaur skeletons (D:15)
  An orange demon (Lair:2)
  2 unseen horrors (D:12)
  14 cane toads
  6 yaktaurs
  17 rime drakes
  Maggie (Lair:2)
  13 komodo dragons
  3 efreet (D:15)
  6 tengu conjurers
  A yaktaur skeleton (Vaults:1)
  16 trolls
  23 polar bears
  23 blink frogs
  11 tyrant leeches
  13 hornets
  A raiju (shapeshifter) (D:13)
  7 slime creatures
  7 dream sheep (Lair:5)
  2 large abominations
  2 snapping turtles (Lair:5)
  2 air elementals (WizLab)
  2 shadows
  A yak (shapeshifter) (D:13)
  A centaur simulacrum (D:15)
  12 spriggans
  A vampire (D:13)
  8 wyverns
  2 wraiths (D:12)
  A basilisk (Lair:2)
  64 yaks
  8 steam dragons
  8 fire bats (Volcano)
  A neqoxec (Abyss:2)
  Menkaure (D:6)
  15 vampire mosquitoes
  25 nagas
  A harpy simulacrum (D:15)
  The ghost of bande the Covered, an amateur GrFi (D:4)
  25 swamp worms
  6 wargs
  An acid dragon (D:9)
  17 water moccasins
  A floating eye (D:15)
  2 sky beasts
  An ice beast (shapeshifter) (D:15)
  15 orc warriors
  13 swamp drakes
  A black bear (shapeshifter) (D:15)
  A black bear (Lair:1)
  A boggart (D:13)
  23 ogres
  9 wolves
  9 centaurs
  2 phantoms
  Blork the orc (D:4)
  2 kobold brigands
  11 bullfrogs
  3 gnoll sergeants
  2 human simulacra (Vaults:1)
  4 scorpions
  14 wights
  4 electric eels
  4 howler monkeys
  3 jellies
  2 hounds (D:5)
  11 orc priests
  Crazy Yiuf (D:6)
  A gnoll bouda (D:8)
  An iguana (D:5)
  21 orc wizards
  19 gnolls
  2 adders
  A river rat (D:4)
  A shadow imp (Abyss:2)
  A white imp (Abyss:2)
  2 worms (D:4)
  3 dart slugs
  61 orcs
  3 bats
  7 endoplasms
  5 giant cockroaches
  16 goblins
  5 hobgoblins
  5 jackals
  2 quokkas
  8 ball pythons
  A frilled lizard (D:2)
  15 kobolds
  7 rats
  A spectral orc (D:6)
  4 briar patches (Swamp:4)
1093 creatures vanquished.

Vanquished Creatures (collateral kills)
  A swamp dragon (Swamp:4)
1 creature vanquished.

Vanquished Creatures (others)
  A cane toad (Lair:5)
  2 bloated husks
  2 hornets (D:8)
  A shadow (D:9)
  A wraith (D:8)
  2 yaks (D:8)
  A water moccasin (D:5)
  A black bear (D:7)
  A phantom (D:5)
  A scorpion (D:2)
  4 wights
  A jelly (D:4)
  3 orc priests
  An iguana (D:5)
  3 orc wizards
  Robin (D:1)
  6 adders
  An orc (D:7)
  A jackal (D:3)
  5 foxfires
  84 fungi
  255 plants
378 creatures vanquished.

Grand Total: 1472 creatures vanquished

Notes
Turn   | Place    | Note
-------+----------+-------------------------------------------
     0 | D:1      | Snarg the Tengu Reaver began the quest for the Orb.
     0 | D:1      | Reached XP level 1. HP: 12/12 MP: 4/4
   113 | D:1      | Reached XP level 2. HP: 17/17 MP: 6/6
   116 | D:1      | Learned a level 2 spell: Momentum Strike
   560 | D:2      | Reached XP level 3. HP: 20/21 MP: 7/7
   581 | D:2      | Found a broken altar of Ashenzari.
   627 | D:2      | Noticed Robin
   650 | D:1      | Killed Robin
  1014 | D:2      | Found a faded altar of an unknown god.
  1070 | D:2      | Reached XP level 4. HP: 19/26 MP: 8/8
  1172 | D:2      | Reached skill level 1 in Translocations
  1478 | D:2      | Reached skill level 1 in Armour
  1589 | D:3      | Learned a level 3 spell: Hailstorm
  1672 | D:3      | Noticed a scorpion
  1781 | D:2      | Killed a scorpion
  1782 | D:2      | Gained mutation: Your magical nature lets you fly swiftly
                  | and evasively. [Tengu growth]
  1782 | D:2      | Reached XP level 5. HP: 27/30 MP: 6/9
  1884 | D:3      | Found an opulent altar of Gozag.
  1888 | D:3      | Became a worshipper of Gozag Ym Sagoz the Greedy
  2636 | D:3      | Found a glowing golden altar of the Shining One.
  2800 | D:4      | Noticed an ogre
  2973 | D:4      | Found a hide-covered altar of Uskayaw.
  3151 | D:4      | Found a runed translucent door.
  3155 | D:4      | Noticed bande's ghost (amateur GrFi)
  3249 | D:4      | Reached skill level 1 in Stealth
  3327 | D:4      | Found a runed translucent door.
  3331 | D:4      | Noticed an ogre
  3333 | D:4      | Noticed Blork the orc
  3488 | D:4      | Killed Blork the orc
  3489 | D:4      | Reached skill level 1 in Ice Magic
  3620 | D:5      | Entered Level 5 of the Dungeon
  3731 | D:5      | Found a staircase to the Ecumenical Temple.
  3731 | D:5      | Noticed a water moccasin
  3744 | D:5      | Killed a water moccasin
  3745 | D:5      | Reached XP level 6. HP: 34/35 MP: 3/10
  3829 | D:5      | Reached skill level 5 in Conjurations
  3918 | D:5      | Reached skill level 1 in Throwing
  5095 | D:4      | Reached skill level 1 in Evocations
  5095 | D:4      | Reached XP level 7. HP: 40/40 MP: 11/11
  5099 | D:4      | Learned a level 3 spell: Mephitic Cloud
  5472 | D:3      | Reached skill level 6 in Conjurations
  5563 | Temple   | Entered the Ecumenical Temple
  5668 | D:5      | Reached skill level 1 in Air Magic
  6106 | D:6      | Reached skill level 5 in Short Blades
  6106 | D:6      | Reached skill level 1 in Poison Magic
  6130 | D:6      | Reached skill level 7 in Conjurations
  6156 | D:6      | Noticed Menkaure
  6441 | D:6      | Reached XP level 8. HP: 39/43 MP: 9/12
  6963 | D:7      | Identified the +3 leather armour of the Original Sin {Str+2
                  | Dex+8}
  6985 | D:7      | Reached skill level 8 in Conjurations
  7086 | D:7      | Noticed a wyvern
  7365 | D:7      | Found Saocuudina's Magic Scroll Shoppe.
  7377 | D:7      | Bought a scroll of identify for 22 gold pieces
  7377 | D:7      | Bought a scroll of blinking for 82 gold pieces
  7378 | D:7      | Bought a scroll of identify for 22 gold pieces
  7378 | D:7      | Bought a scroll of identify for 22 gold pieces
  7378 | D:7      | Bought a scroll of teleportation for 33 gold pieces
  7551 | D:7      | Killed a wyvern
  7561 | D:7      | Reached skill level 9 in Conjurations
  8318 | D:8      | Reached XP level 9. HP: 40/50 MP: 6/13
  8454 | D:8      | Noticed a hornet
  8468 | D:8      | Killed a hornet
  8469 | D:8      | Reached skill level 10 in Conjurations
  8909 | D:8      | Found a shadowy altar of Dithmenos.
  9463 | D:8      | Found a shimmering altar of Xom.
  9463 | D:8      | Found a white marble altar of Elyvilon.
  9763 | D:6      | Found a basalt altar of Yredelemnul.
  9869 | D:6      | Found a runed translucent door.
  9870 | D:6      | Noticed Crazy Yiuf
  9878 | D:6      | Killed Crazy Yiuf
  9968 | D:6      | Killed Menkaure
  9969 | D:6      | Reached skill level 1 in Necromancy
 10214 | D:9      | Noticed a centaur warrior
 10614 | D:8      | Reached skill level 11 in Conjurations
 10845 | D:8      | Learned a level 4 spell: Sticky Flame
 10850 | D:9      | Reached skill level 1 in Fire Magic
 10857 | D:9      | Reached XP level 10. HP: 51/56 MP: 9/17
 11752 | D:9      | Learned a level 3 spell: Swiftness
 12742 | D:9      | Reached skill level 5 in Stealth
 13023 | D:10     | Entered Level 10 of the Dungeon
 13167 | D:10     | Noticed Urug
 13572 | D:10     | Reached skill level 5 in Dodging
 13816 | D:10     | Noticed Snorg
 13832 | D:10     | Killed Snorg
 13833 | D:10     | Reached skill level 5 in Air Magic
 13833 | D:10     | Reached XP level 11. HP: 61/61 MP: 2/18
 14236 | D:10     | Found a staircase to the Orcish Mines.
 14406 | D:10     | Reached skill level 5 in Spellcasting
 14414 | D:10     | Reached skill level 12 in Conjurations
 14630 | D:10     | Learned a level 3 spell: Stone Arrow
 14980 | D:10     | Noticed a two-headed ogre
 15016 | D:10     | Killed a two-headed ogre
 15260 | D:10     | Reached skill level 1 in Earth Magic
 15339 | D:11     | Noticed a two-headed ogre
 15353 | D:10     | Killed a two-headed ogre
 15506 | D:11     | Reached skill level 13 in Conjurations
 15801 | D:11     | Noticed Fannar
 15824 | D:11     | Killed Fannar
 15995 | D:11     | Found a large runed translucent door.
 16090 | D:11     | Found a large runed translucent door.
 16094 | D:11     | Noticed timneilson's ghost (journeyman GrFi)
 16329 | D:11     | Reached skill level 14 in Conjurations
 16402 | D:11     | Reached XP level 12. HP: 56/66 MP: 1/20
 17016 | D:12     | Noticed a two-headed ogre
 17075 | D:12     | Killed a two-headed ogre
 17390 | D:12     | Identified the +8 dagger of Sidet {vorpal, rC+}
 17433 | D:12     | Found Daqunge's Jewellery Shop.
 17461 | D:12     | Bought a +6 ring of dexterity for 396 gold pieces
 17502 | D:12     | Reached skill level 15 in Conjurations
 18422 | D:9      | Killed a centaur warrior
 18527 | D:9      | Killed Urug
 18708 | D:9      | Found a staircase to the Lair.
 19154 | Lair:1   | Entered Level 1 of the Lair of Beasts
 19310 | Lair:1   | Reached skill level 10 in Short Blades
 19549 | Lair:1   | Reached skill level 16 in Conjurations
 20208 | Lair:1   | Reached XP level 13. HP: 72/72 MP: 14/21
 21085 | Lair:1   | Learned a level 3 spell: Dazzling Flash
 21102 | Lair:2   | Noticed Amaemon
 21105 | Lair:2   | Noticed Maggie
 21203 | Lair:2   | Upgraded the game from 0.30-a0-218-gedb9141078 to
                  | 0.30-a0-219-gf2db51d15e
 21296 | Lair:2   | Killed Maggie
 21354 | Lair:2   | Killed Amaemon
 21355 | Lair:2   | Reached skill level 5 in Fighting
 21526 | Lair:2   | Noticed Sonja
 21536 | Lair:2   | Killed Sonja
 22119 | Lair:2   | Found a staircase to the Swamp.
 22389 | Lair:2   | Bought the +3 salamander hide armour {Flames rF++ rC--} for
                  | 1069 gold pieces
 22389 | Lair:2   | Found the +3 salamander hide armour {Flames rF++ rC--}
 22430 | Lair:2   | Bought a shiny troll leather armour for 558 gold pieces
 22614 | Lair:3   | Reached skill level 1 in Hexes
 22617 | Lair:3   | Reached skill level 17 in Conjurations
 22773 | Lair:3   | Found a staircase to the Snake Pit.
 24541 | Lair:5   | Entered Level 5 of the Lair of Beasts
 24846 | Lair:5   | Reached XP level 14. HP: 64/79 MP: 7/24
 24982 | Lair:5   | Reached skill level 18 in Conjurations
 25073 | Lair:5   | Found a basalt altar of Yredelemnul.
 25075 | Lair:5   | Reached skill level 5 in Armour
 26141 | Lair:5   | Found a staircase to the Slime Pits.
 26152 | Lair:5   | Identified the +1 cloak of the Sturgeon {Harm rN+ Int+2}
 26500 | Lair:5   | Found a runed translucent door.
 26501 | Lair:5   | Found a shimmering altar of Xom.
 26502 | Lair:5   | Noticed SirDiesAlot's ghost (journeyman MiGl)
 26590 | Lair:5   | Killed SirDiesAlot's ghost
 27102 | Lair:5   | Reached skill level 19 in Conjurations
 27260 | Lair:5   | Identified the ring "Eskikhef" {rElec EV+4}
 27621 | Orc:1    | Entered Level 1 of the Orcish Mines
 27646 | Orc:1    | Found Ohepor's Armour Shoppe.
 27709 | Orc:2    | Entered Level 2 of the Orcish Mines
 27883 | Orc:2    | Found Vyevan's Jewellery Boutique.
 27888 | Orc:2    | Found Ustroop's Armour Shop.
 27892 | Orc:2    | Found Nechoum's General Store.
 27897 | Orc:2    | Found Nuluma's Antique Armour Shoppe.
 27904 | Orc:2    | Bought a scroll of acquirement for 832 gold pieces
 27957 | Orc:2    | Found a dark tunnel.
 27961 | Orc:2    | Acquired the +5 hat of the Furrier {rF++ Int+4 Slay-5 SInv}
 27970 | Volcano  | Entered a volcano
 28044 | Volcano  | Reached XP level 15. HP: 84/84 MP: 15/25
 28186 | Volcano  | Reached skill level 10 in Dodging
 28443 | Volcano  | Identified the +5 fire dragon scales "Zuph" {-Cast rPois
                  | rF++ rC- Str+4}
 28878 | Orc:2    | Reached skill level 10 in Stealth
 29763 | Orc:1    | Noticed Harold
 29779 | Orc:1    | Killed Harold
 30408 | Orc:2    | Found a staircase to the Elven Halls.
 30938 | D:4      | Killed bande's ghost
 31006 | D:4      | Upgraded the game from 0.30-a0-219-gf2db51d15e to
                  | 0.30-a0-222-ge547ba4400
 31230 | Lair:2   | Reached skill level 5 in Evocations
 31543 | Swamp:1  | Entered Level 1 of the Swamp
 32591 | Swamp:1  | Learned a level 4 spell: Airstrike
 33021 | Swamp:1  | Bought a sparkling crystal amulet for 155 gold pieces
 33021 | Swamp:1  | Identified the amulet of Cuacegun {RegenMP rF+ rC+ Dex+2}
                  | (You bought it in a shop on level 1 of the Swamp)
 33989 | Swamp:2  | Reached skill level 10 in Air Magic
 34281 | Swamp:2  | Reached XP level 16. HP: 86/92 MP: 24/27
 34565 | Swamp:2  | Reached skill level 20 in Conjurations
 35554 | Swamp:3  | Upgraded the game from 0.30-a0-222-ge547ba4400 to
                  | 0.30-a0-223-gcb0039aa0c
 36309 | Swamp:4  | Entered Level 4 of the Swamp
 36311 | Swamp:4  | Noticed Mlioglotl
 36347 | Swamp:4  | Noticed a tentacled monstrosity
 36647 | Lair:1   | Learned a level 5 spell: Lightning Bolt
 36710 | Snake:1  | Entered Level 1 of the Snake Pit
 36741 | Snake:1  | Noticed Rupert
 36742 | Snake:1  | Upgraded the game from 0.30-a0-223-gcb0039aa0c to
                  | 0.30-a0-241-g1121274140
 36766 | Snake:1  | Noticed Aizul
 37082 | Snake:1  | Noticed Roxanne
 38488 | Snake:2  | Noticed a nagaraja
 39297 | Swamp:4  | Killed Mlioglotl
 39338 | Swamp:4  | Noticed Bai Suzhen
 39411 | Swamp:4  | Killed a tentacled monstrosity
 40377 | Swamp:3  | Learned a level 5 spell: Freezing Cloud
 40422 | Swamp:4  | Reached XP level 17. HP: 97/97 MP: 17/31
 40828 | D:7      | Bought 3 scrolls of blinking for 247 gold pieces
 41452 | Swamp:4  | Reached skill level 10 in Spellcasting
 41637 | Swamp:4  | Noticed Mara
 41837 | Swamp:4  | Killed Mara
 41838 | Swamp:4  | Reached skill level 5 in Ice Magic
 41979 | Swamp:4  | Reached skill level 21 in Conjurations
 42102 | Swamp:4  | Got a decaying rune of Zot
 42778 | D:13     | Found a runed translucent door.
 42780 | D:13     | Found a shimmering altar of Xom.
 42780 | D:13     | Noticed jejorda2's ghost (journeyman GnBe)
 42835 | D:13     | Found a gate to the Vaults.
 43390 | Abyss:2  | Cast into level 2 of the Abyss (a wizard)
 43391 | Abyss:2  | Found a corrupted altar of Lugonu.
 43497 | Abyss:2  | Found a corrupted altar of Lugonu.
 43506 | Abyss:2  | Noticed an ancient lich
 43511 | Abyss:2  | Found a corrupted altar of Lugonu.
 43524 | D:13     | Escaped the Abyss
 44071 | D:14     | Found Haheng's Antique Weapon Emporium.
 44218 | D:14     | Acquired Sif Muna's Volume of Sandy Ozone
 45154 | D:15     | Entered Level 15 of the Dungeon
 45397 | D:15     | Found an iron altar of Okawaru.
 45454 | D:15     | Found a frozen archway.
 45467 | IceCv    | Entered an ice cave
 46060 | IceCv    | Reached XP level 18. HP: 103/103 MP: 26/33
 46581 | IceCv    | Identified the +2 pair of gloves of Feasting {rPois rC++
                  | rCorr Str-5}
 46609 | IceCv    | Noticed a shard shrike
 46741 | IceCv    | Killed a shard shrike
 46742 | IceCv    | Reached skill level 22 in Conjurations
 47434 | Lair:1   | Learned a level 5 spell: Arcjolt
 47833 | D:15     | Found Ufixob's Armour Shoppe.
 47992 | D:15     | Found a staircase to the Depths.
 47996 | D:15     | Reached skill level 1 in Shields
 48602 | D:15     | Found Qannau's Antique Armour Emporium.
 49447 | Snake:1  | Killed Aizul
 50935 | Snake:2  | You are sucked into a shaft and drop 1 floor!
 51995 | Snake:3  | Reached skill level 5 in Shields
 52959 | Snake:4  | Entered Level 4 of the Snake Pit
 52979 | Snake:4  | Noticed Vashnia
 53090 | Snake:4  | Upgraded the game from 0.30-a0-241-g1121274140 to
                  | 0.30-a0-242-g7bf8e6d787
 53140 | Snake:4  | Reached XP level 19. HP: 96/107 MP: 22/35
 53488 | Snake:4  | Identified the +8 hand axe "Ceejiak" {freeze, Dex+3}
 54242 | Snake:4  | Reached skill level 15 in Air Magic
 54536 | Snake:4  | Killed Vashnia
 56481 | Snake:4  | Got a serpentine rune of Zot
 56790 | Lair:1   | Acquired the +11 quick blade of Wiesu {elec, rN+++ Str+2
                  | Int-2}
 56917 | D:13     | Killed an ancient lich
 57016 | Vaults:1 | Entered Level 1 of the Vaults
 57299 | Vaults:1 | Found a magical portal.
 57305 | WizLab   | Entered The Chambers of the Cloud Mage
 57329 | WizLab   | Paralysed by an air elemental for 1 turns
 57356 | WizLab   | Killed from afar by a shock serpent

Illustrated notes

Levels and vault maps discovered:
D:1:      dpeg_arrival_erosion, layout_rooms
D:2:      layout_basic, basic_altar, chequers_ecumenical_altar_twisty,
          uniq_robin
D:3:      layout_loops_ring, nicolae_tso_swordbearing_angel,
          mainiacjoe_overflow_alcove_4
D:4:      layout_basic, nicolae_uskayaw_suspiria, ebering_ghost_sewer_f,
          uniq_blork_the_orc
D:5:      layout_basic, minmay_temple_entry_overgrown
D:6:      layout_rooms, yredelemnul_forgotten_temple_becter,
          uniq_crazy_yiuf_cottage, uniq_menkaure
D:7:      layout_loops_cross, serial_shops, shop
D:8:      layout_cave_pools, kennysheep_mini, gammafunk_temple_overflow_pools,
          chequers_serial_rivers_small_3
D:9:      layout_cross, grunt_lair_entry_orc_guard_hut, kennysheep_dice
D:10:     layout_gridville, erik_orc_2, minmay_diced_spiral, uniq_urug,
          uniq_snorg
D:11:     layout_small_grid, ebering_ghost_disaster_area, grunt_ministairs_15,
          uniq_fannar
D:12:     layout_roguey, serial_shops, nicolae_square_shop
D:13:     layout_rooms, david_vaults_2, ebering_ghost_xom, minmay_checkerbox
D:14:     layout_gridville, nrook_campfire, serial_shops, shop
D:15:     grunt_enter_depths_magical_seal, layout_basic,
          portal_ice_cave_entry_pillars_2, serial_co_window_serial,
          co_window_cross_1, co_window_paths_a, co_window_of_opportunity_a,
          co_window_corner_a, co_window_cross_1, co_window_paths_c,
          co_window_paths_c, co_window_broadway_c, co_window_4corner_a,
          glass_columns_c, glass_columns_b, glass_columns_a, glass_columns_a,
          glass_columns_a, serial_shops, shop, nicolae_shop_advertising_works
          [nicolae_subvault_shop_adworks], okawaru_trees_2, onia_ninara_cookie
Temple:   hellmonk_temple_of_storms
Lair:1:   layout_regular_city, chequers_serial_rivers_room_b
Lair:2:   minmay_lair_oklob_tunnel, layout_regular_city,
          nicolae_swamp_entry_splash_gauntlet, uniq_amaemon, uniq_maggie,
          uniq_sonja
Lair:3:   layout_hall_layers, guppyfry_snake_entry_island
Lair:4:   layout_small_grid, minivault_19
Lair:5:   gammafunk_lair_ancient_temple, layout_loops_ring, slime_entry_1,
          ebering_ghost_xom, lemuel_centaur_altar, infiniplex_staircase_pool,
          lemuel_fruit_tree
Swamp:1:  layout_basic_swamp, hangedman_swamp_ruin_wall
Swamp:2:  layout_basic_swamp, nicolae_swamp_small_spring, st_swamp_ruins_1
Swamp:3:  layout_basic_swamp, evilmike_swamp_ruin_house_1, swamp_pool5,
          st_swamp_ruins_2
Swamp:4:  swamp, layout_basic_swamp, swamp_pool3, uniq_mlioglotl, uniq_mara,
          uniq_bai_suzhen
Snake:1:  layout_chambers, grunt_megastairs_5, uniq_rupert, uniq_aizul,
          uniq_roxanne
Snake:2:  layout_layer_cave
Snake:3:  layout_layer_cave, grunt_megastairs_1
Snake:4:  snake_pit_salamanders_mu, layout_cave_town, uniq_vashnia
Orc:1:    layout_caves, serial_shops, nicolae_shop_window_shopping,
          nooodl_orcs_dogs, uniq_harold
Orc:2:    st_orc_open, layout_caves, enter_volcano_2
Vaults:1: infiniplex_enter_wizlab_spiral, v_alt_pattern_5, v_misc_32,
          ontoclasm_vaults_decontamination, v_pattern_2, grunt_vaults_twisty,
          grunt_vaults_trifunnel, nicolae_vaults_theta, vaults_dpeg_cross,
          ontoclasm_vaults_bender, v_rooms_1, vaults_room_ringed_pool,
          v_misc_16, nicolae_vaults_statue_guard,
          nicolae_vaults_little_squares_2, layout_vaults_omnibox, uniq_nikola
WizLab:   wizlab_cloud

Skill      XL: |  1  2  3  4  5  6  7  8  9 10 11 12 13 14 15 16 17 18 19 |
---------------+----------------------------------------------------------+-----
Short Blades   | 4 5 6 7 8 10 | 10.9
Translocations | 1 2 |  2.0
Armour         | 2 3 4 5 6 |  6.0
Stealth        | 1 2 3 5 6 7 9 10 11 12 | 12.0
Ice Magic      | 2 3 4 6 |  6.0
Conjurations   | 5 7 9 11 14 16 17 19 20 21 22 | 22.0
Throwing       | 1 2 3 |  3.0
Evocations     | 1 2 3 4 5 6 7 |  7.3
Air Magic      | 2 4 5 6 7 8 10 11 14 17 | 17.2
Poison Magic   | 1 2 3 4 |  4.0
Fighting       | 3 4 5 6 7 8 |  8.0
Spellcasting   | 4 5 6 7 9 10 11 12 | 12.0
Necromancy     | 2 |  2.0
Dodging        | 3 5 6 7 8 9 11 13 14 | 14.9
Fire Magic     | 1 4 |  4.0
Earth Magic    | 2 |  2.0
Hexes          | 2 |  2.0
Shields        | 5 6 |  6.4
Staves         | |  0.7

Action                   |  1- 3 |  4- 6 |  7- 9 | 10-12 | 13-15 | 16-18 | 19-21 || total
-------------------------+-------+-------+-------+-------+-------+-------+-------++-------
Melee: Short sword       |    92 |   111 |   193 |    64 |       |       |       ||   460
       Kick              |    27 |    34 |    75 |   129 |   197 |   202 |    68 ||   732
       Peck              |    11 |    22 |    61 |    86 |   117 |   117 |    58 ||   472
       Punch             |     1 |     2 |     6 |     1 |     6 |     9 |       ||    25
       Dagger            |       |    19 |    13 |   249 |   462 |   403 |    25 ||  1171
       Staff             |       |       |       |       |     1 |    19 |    63 ||    83
       Quick blade       |       |       |       |       |       |       |    72 ||    72
Throw: Stone             |     3 |     1 |     3 |       |       |       |       ||     7
       Dart              |       |    10 |    15 |    15 |     7 |     5 |       ||    52
       Javelin           |       |     2 |       |       |       |       |       ||     2
       Boomerang         |       |       |     7 |    11 |    10 |    18 |    15 ||    61
       Throwing net      |       |       |     2 |     3 |       |     4 |     3 ||    12
 Cast: Momentum Strike   |     3 |    23 |    51 |    17 |     1 |       |       ||    95
       Hailstorm         |       |       |    44 |    58 |    60 |    48 |     7 ||   217
       Mephitic Cloud    |       |       |    20 |    48 |    67 |    66 |     1 ||   202
       Sticky Flame      |       |       |       |    41 |    40 |   119 |    18 ||   218
       Stone Arrow       |       |       |       |    26 |    99 |   148 |    20 ||   293
       Swiftness         |       |       |       |     1 |     3 |     1 |     1 ||     6
       Dazzling Flash    |       |       |       |       |    19 |    38 |     3 ||    60
       Airstrike         |       |       |       |       |    16 |    49 |       ||    65
       Lightning Bolt    |       |       |       |       |       |    66 |    28 ||    94
       Freezing Cloud    |       |       |       |       |       |    93 |    54 ||   147
       Arcjolt           |       |       |       |       |       |    17 |    27 ||    44
Invok: Call Merchant     |       |       |       |       |     3 |       |       ||     3
       Potion Petition   |       |       |       |       |     1 |     5 |     1 ||     7
Evoke: Wand              |       |     3 |    13 |     8 |    19 |    15 |     7 ||    65
       Phial of floods   |       |       |       |       |       |     3 |     1 ||     4
  Use: Scroll            |     2 |     7 |     6 |    10 |     8 |    12 |     2 ||    47
       Potion            |       |     3 |     2 |     4 |     7 |    12 |       ||    28
 Stab: Sleeping          |     1 |     3 |       |     6 |     7 |    10 |     1 ||    28
       Invisible         |       |     1 |       |     1 |    10 |    24 |     2 ||    38
       Confused          |       |       |     8 |    28 |    34 |    36 |     2 ||   108
       Distracted        |       |       |     1 |     4 |     7 |    12 |     2 ||    26
       Held in net/web   |       |       |     1 |       |       |       |       ||     1
Armor: Leather armour    |    19 |    23 |    29 |    48 |    66 |   104 |    29 ||   318
Dodge: Dodged            |    43 |   109 |   144 |   315 |   536 |   721 |   172 ||  2040
Block: Buckler           |       |       |       |       |       |    52 |    79 ||   131
       Reflection        |       |       |       |       |       |     6 |    13 ||    19

Table legend: (Time is in decaauts)
 A = Elapsed time spent in this place.
 B = Non-inter-level travel time spent in this place.
 C = Inter-level travel time spent in this place.
 D = Time resting spent in this place.
 E = Time spent auto-exploring this place.
 F = Levels seen in this place.
 G = Mean time per level.
                   A        B        C        D        E       F      G
               +--------+--------+--------+--------+--------+-----+--------+
         Total |  53631 |  46260 |   7371 |  13607 |  18678 |  36 | 1489.8 |
       Dungeon |  23235 |  20200 |   3035 |   5946 |   9009 |  15 | 1549.0 |
        Temple |     36 |     31 |      5 |      0 |     19 |   1 |   36.0 |
          Lair |   9490 |   7813 |   1677 |   1989 |   3227 |   5 | 1898.0 |
         Swamp |   7437 |   6406 |   1031 |   2838 |   1638 |   4 | 1859.2 |
     Snake Pit |   8783 |   7394 |   1389 |   2055 |   3212 |   4 | 2195.8 |
  Orcish Mines |   2173 |   1941 |    232 |    185 |   1092 |   2 | 1086.5 |
        Vaults |    220 |    220 |      0 |     18 |      0 |   1 |  220.0 |
         Abyss |    125 |    125 |      0 |      0 |      0 |   1 |  125.0 |
      Ice Cave |   1448 |   1448 |      0 |    499 |    289 |   1 | 1448.0 |
       Volcano |    633 |    633 |      0 |     60 |    188 |   1 |  633.0 |
        Wizlab |     46 |     46 |      0 |     14 |      0 |   1 |   46.0 |
               +--------+--------+--------+--------+--------+-----+--------+

Top non-repeatable levels by time:
     D:8: 3374 daAuts
 Swamp:3: 2999 daAuts
 Snake:4: 2925 daAuts
 Snake:1: 2829 daAuts
  Lair:2: 2752 daAuts
    D:10: 2380 daAuts
  Lair:4: 2296 daAuts
     D:5: 2030 daAuts
  Lair:1: 2008 daAuts
    D:15: 1829 daAuts
     D:7: 1731 daAuts
     D:9: 1671 daAuts
 Swamp:1: 1633 daAuts
 Snake:3: 1588 daAuts
  Lair:5: 1555 daAuts
